 Dungeon Crawl Stone Soup version 0.22-a0-410-g97be04f (webtiles) character file.

12039 KristoblXynda the Basher (level 11, -12/86 HPs)
             Began as a Naga Gladiator on May 11, 2018.
             Was a Believer of Yredelemnul.
             Mangled by a very large slime creature (48 damage)
             ... on level 12 of the Dungeon.
             The game lasted 00:28:12 (15319 turns).

KristoblXynda the Basher (Naga Gladiator)          Turns: 15319, Time: 00:28:13

Health: -12/86     AC: 16    Str: 16 (17) XL:     11   Next: 87%
Magic:  15/15      EV: 14    Int: 14      God:    Yredelemnul [**....]
Gold:   628        SH:  4    Dex: 12      Spells: 7/10 levels left

rFire    . . .     SeeInvis +   u - +2 whip (flame)
rCold    . . .     Gourm    .   C - +0 buckler
rNeg     . . .     Faith    .   r - +3 ring mail
rPois    +         Spirit   .   c - +1 helmet
rElec    .         Reflect  .   b - +0 cloak
rCorr    .         Harm     .   j - +1 pair of gloves
MR       ++...                  (no barding)
Stlth    +++.......             (no amulet)
HPRegen  0.24/turn              v - ring of protection from magic
MPRegen  0.14/turn              L - +4 ring of evasion

@: drained, very slow
A: large, see invisible, clever 1, deformed body, deterioration 1, poison
resistance, slowness 2, slow metabolism 1, spit poison 1, AC +3
a: Spit Poison, Animate Remains, Recall Undead Slaves, Injury Mirror, Renounce
Religion


You were on level 12 of the Dungeon.
You worshipped Yredelemnul.
Yredelemnul was pleased with you.
You were not hungry.

You visited 2 branches of the dungeon, and saw 13 of its levels.
You also visited: Sewer.

You collected 628 gold pieces.

Inventory:

Hand Weapons
 u - a +2 whip of flaming (weapon)
 H - a +0 morningstar
Missiles
 d - 3 throwing nets (quivered)
 h - 6 javelins
Armour
 b - a +0 cloak (worn)
 c - a +1 helmet (worn)
 j - a +1 pair of gloves (worn)
 r - a +3 ring mail (worn)
 A - +0 ice dragon scales
 C - a +0 buckler (worn)
Magical Staves
 a - an uncursed staff of wizardry
Jewellery
 v - a ring of protection from magic (left hand)
 w - an uncursed ring of resist corrosion
 D - an uncursed ring of flight
 F - an uncursed amulet of magic regeneration
 L - a +4 ring of evasion (right hand)
Wands
 s - a wand of disintegration (7)
 E - a wand of paralysis (9)
 I - a wand of clouds (4)
 K - a wand of acid (14)
 M - a wand of digging (3)
Scrolls
 e - 2 scrolls of teleportation
 i - 11 scrolls of remove curse
 n - 5 scrolls of fear
 q - 5 scrolls of blinking
 t - 2 scrolls of immolation
 y - a scroll of amnesia
 B - a scroll of enchant armour
 O - a scroll of fog
 P - a scroll of enchant weapon
 Q - a scroll of magic mapping
Potions
 g - a potion of haste
 k - 2 potions of cancellation
 l - 3 potions of flight
 m - a potion of heal wounds
 o - a potion of lignification
 p - 3 potions of curing
 x - 4 potions of invisibility
 z - 4 potions of berserk rage
 J - a potion of might
Comestibles
 f - 17 rations


   Skills:
 - Level 2.0(1.7) Fighting
 + Level 11.6(11.2) Maces & Flails
 - Level 2.1(1.8) Throwing
 + Level 7.0(6.6) Armour
 - Level 4.0(3.7) Dodging
 - Level 10.0(9.6) Stealth
 - Level 4.0(3.7) Shields
 + Level 4.9(4.6) Invocations
 + Level 6.3(5.9) Evocations


You had 7 spell levels left.
You knew the following spells:

 Your Spells              Type           Power        Failure   Level  Hunger
a - Regeneration          Chrm/Necr      #.........   83%         3    ####...


Dungeon Overview and Level Annotations

Branches:
Dungeon (12/15)            Temple (1/1) D:7            Lair (0/6) D:11
    Orc: D:9-12

Altars:
Ashenzari
Cheibriados
Dithmenos
Elyvilon
Fedhas
Gozag
Hepliaklqana
Kikubaaqudgha
Makhleb
Nemelex Xobeh
Okawaru
Qazlal
Ru
Sif Muna
Trog
Uskayaw
Vehumet
Wu Jian
Xom
Yredelemnul
Zin
The Shining One

Shops:
D:9 (   D:12 :


Innate Abilities, Weirdness & Mutations

You cannot wear boots.
Your serpentine skin is tough. (AC +3)
You have supernaturally acute eyesight. (SInv)
Armour fits poorly on your strangely shaped body.
Your system is resistant to poisons. (rPois)
You cover ground very slowly.
You have a slow metabolism.
You can spit poison.
Your mind is acute. (Int +2)
Your body sometimes deteriorates upon taking damage.


Message History

Evoke which item? (* to show all) (? for menu, Esc to quit)
Aiming: Disintegrate
Press: ? - help, Shift-Dir - straight line, f/p - very large slime creature
Aim: a very large slime creature (chance to defeat MR: 71%)
Okay, then.
Evoke which item? (* to show all) (? for menu, Esc to quit)
Aiming: Paralyse
Press: ? - help, Shift-Dir - straight line, f/p - very large slime creature
Aim: a very large slime creature (chance to defeat MR: 46%)
The very large slime creature resists with some effort.
You block the very large slime creature's attack.
Evoke which item? (* to show all) (? for menu, Esc to quit)
Aiming: Paralyse
Press: ? - help, Shift-Dir - straight line, f/p - very large slime creature
Aim: a very large slime creature (chance to defeat MR: 46%)
The very large slime creature resists with some effort.
The very large slime creature hits you!!!
Ouch! That really hurt!
You die...
Your body rises from the dead as a mindless zombie.

########
#<.....#
######.#
#.# #.#
#.# #.#
#@# #J#
#.# #)#
.. #)#
.## #)#
∩s #.#
#u# #.#
.. #.#
.#


You could see a very large slime creature.

Vanquished Creatures
  2 two-headed ogres
  An unseen horror (D:11)
  Pikel (D:4)
  A cyclops (D:11)
  An ugly thing (D:12)
  Joseph (D:9)
  A komodo dragon (D:11)
  A troll (D:11)
  Grinder (D:5)
  3 slime creatures (D:12)
  2 hippogriffs
  A shadow (D:11)
  Sigmund (D:6)
  A spriggan (D:7)
  A vampire (D:9)
  2 wyverns (D:10)
  A steam dragon (D:10)
  2 hungry ghosts
  Grum (D:7)
  A water moccasin (D:7)
  2 orc warriors
  4 slaves (D:4)
  Purgy (Sewer)
  2 black bears (D:8)
  3 ice beasts
  A sky beast (D:9)
  3 phantoms
  5 ogres
  2 wolves (D:7)
  3 centaurs
  Blork the orc (D:4)
  6 bullfrogs
  5 scorpions
  A wyvern skeleton (D:8)
  4 killer bees (D:8)
  8 wights
  3 howler monkeys (D:8)
  5 crimson imps
  2 quasits (D:9)
  2 centaur zombies
  4 hounds
  4 jellies
  A bullfrog zombie (D:6)
  Crazy Yiuf (D:3)
  4 orc priests
  A gnoll shaman (D:4)
  4 bullfrog skeletons
  2 centaur skeletons
  3 iguanas
  12 orc wizards
  Natasha (twice) (D:4)
  8 worker ants
  2 killer bee zombies
  A hound zombie (D:6)
  A hound skeleton (D:11)
  A howler monkey skeleton (D:10)
  A worker ant zombie (D:8)
  10 gnolls
  10 adders
  4 shadow imps
  An adder zombie (D:8)
  2 worms
  7 leopard geckos
  28 orcs
  4 ball pythons
  9 giant cockroaches
  5 goblins
  10 hobgoblins
  8 jackals
  4 quokkas
  10 bats
  11 frilled lizards
  A jackal skeleton (D:9)
  12 kobolds
  2 leopard gecko skeletons (D:5)
  A leopard gecko zombie (D:8)
  2 quokka skeletons
  10 rats
292 creatures vanquished.

Vanquished Creatures (others)
  A howler monkey (D:7)
  A plant (D:11)
2 creatures vanquished.

Grand Total: 294 creatures vanquished

Notes
Turn   | Place    | Note
-------+----------+-------------------------------------------
     0 | D:1      | KristoblXynda the Naga Gladiator began the quest for the Orb.
     0 | D:1      | Reached XP level 1. HP: 19/19 MP: 1/1
    27 | D:1      | Reached XP level 2. HP: 16/26 MP: 2/2
   617 | D:1      | Reached XP level 3. HP: 27/32 MP: 3/3
  1086 | D:2      | Reached skill level 1 in Stealth
  1151 | D:2      | Reached skill level 4 in Maces & Flails
  1151 | D:2      | Reached XP level 4. HP: 39/39 MP: 4/4
  2085 | D:3      | Found a hazy altar of Hepliaklqana.
  2093 | D:3      | Reached XP level 5. HP: 45/45 MP: 5/5
  2168 | D:3      | Gained mutation: You are frail. (-10% HP) [potion of mutation]
  2168 | D:3      | Gained mutation: You have a beak for a mouth. [potion of mutation]
  2421 | D:3      | Found a runed door.
  2647 | D:3      | Found a blossoming altar of Fedhas.
  3011 | D:3      | Noticed Crazy Yiuf
  3016 | D:3      | Killed Crazy Yiuf
  3045 | D:4      | Noticed Blork the orc
  3056 | D:4      | Killed Blork the orc
  3056 | D:4      | Reached skill level 5 in Maces & Flails
  3056 | D:4      | Reached XP level 6. HP: 18/46 MP: 6/6
  3149 | D:4      | Noticed Pikel
  3150 | D:4      | Noticed a slave
  3151 | D:4      | Noticed a slave
  3152 | D:4      | Noticed a slave
  3152 | D:4      | Noticed a slave
  3165 | D:4      | Found a snail-covered altar of Cheibriados.
  3169 | D:4      | Found a glowing drain.
  3179 | D:4      | Noticed Natasha
  3189 | D:4      | Killed Natasha
  3199 | Sewer    | Entered a sewer
  3555 | Sewer    | Noticed Purgy
  3566 | Sewer    | Killed Purgy
  3924 | D:4      | Reached XP level 7. HP: 53/54 MP: 7/7
  3976 | D:4      | Reached skill level 6 in Maces & Flails
  3976 | D:4      | Reached skill level 5 in Stealth
  4850 | D:4      | Killed Pikel
  4850 | D:4      | Reached skill level 7 in Maces & Flails
  4850 | D:4      | Reached skill level 1 in Armour
  4850 | D:4      | Reached XP level 8. HP: 41/60 MP: 8/8
  5024 | D:4      | Noticed Natasha
  5037 | D:4      | Killed Natasha
  5296 | D:5      | Entered Level 5 of the Dungeon
  5296 | D:5      | Noticed Grinder
  5306 | D:5      | Killed Grinder
  5352 | D:5      | Reached skill level 8 in Maces & Flails
  5645 | D:5      | Found a glowing golden altar of the Shining One.
  5817 | D:5      | Found a hide-covered altar of Uskayaw.
  6284 | D:6      | Reached XP level 9. HP: 64/65 MP: 9/9
  6483 | D:6      | Noticed Sigmund
  6501 | D:6      | Killed Sigmund
  6690 | D:6      | Reached skill level 9 in Maces & Flails
  7508 | D:7      | Found a shadowy altar of Dithmenos.
  7698 | D:7      | Found a radiant altar of Vehumet.
  7743 | D:7      | Reached skill level 1 in Shields
  8202 | D:7      | Reached skill level 10 in Maces & Flails
  8202 | D:7      | Reached skill level 10 in Stealth
  8468 | D:7      | Found a staircase to the Ecumenical Temple.
  8477 | Temple   | Entered the Ecumenical Temple
  8525 | Temple   | Became a worshipper of Yredelemnul the Dark
  8849 | D:7      | Reached XP level 10. HP: 64/72 MP: 10/10
  9021 | D:8      | Reached skill level 1 in Evocations
  9274 | D:8      | Found an opulent altar of Gozag.
  9629 | D:8      | Noticed Grum
  9685 | D:7      | Reached skill level 5 in Armour
  9954 | D:7      | Killed Grum
 10334 | D:8      | Found a bloodstained altar of Trog.
 10416 | D:8      | Noticed a two-headed ogre
 10433 | D:8      | Killed a two-headed ogre
 11113 | D:9      | Reached * piety under Yredelemnul
 11147 | D:9      | Found Ylukhote's Weapon Shop.
 11226 | D:9      | Found a burning altar of Makhleb.
 11293 | D:9      | Noticed Joseph
 11296 | D:9      | Found an ancient bone altar of Kikubaaqudgha.
 11314 | D:9      | Killed Joseph
 11314 | D:9      | Reached skill level 1 in Invocations
 11314 | D:9      | Reached XP level 11. HP: 77/77 MP: 14/14
 11424 | D:9      | Lost mutation: You have a beak for a mouth. [potion of mutation]
 11424 | D:9      | Lost mutation: You are frail. (-10% HP) [potion of mutation]
 11424 | D:9      | Gained mutation: You are resistant to hostile enchantments. (MR+) [potion of mutation]
 11424 | D:9      | Lost mutation: You are resistant to hostile enchantments. (MR+) [potion of mutation]
 11424 | D:9      | Gained mutation: Your body sometimes deteriorates upon taking damage. [potion of mutation]
 11424 | D:9      | Gained mutation: Your mind is acute. (Int +2) [potion of mutation]
 11971 | D:9      | Reached skill level 11 in Maces & Flails
 12043 | D:9      | Learned a level 3 spell: Regeneration
 12067 | D:10     | Entered Level 10 of the Dungeon
 12242 | D:10     | Reached skill level 5 in Evocations
 12537 | D:10     | Noticed a two-headed ogre
 12552 | D:10     | HP: 1/86 [two-headed ogre/dire flail (19)]
 12556 | D:10     | Killed a two-headed ogre
 13433 | D:11     | Found a staircase to the Lair.
 13923 | D:11     | Noticed an unseen horror
 13956 | D:11     | Killed an unseen horror
 14129 | D:11     | Noticed a cyclops
 14140 | D:11     | Found a sparkling altar of Nemelex Xobeh.
 14188 | D:11     | Killed a cyclops
 14214 | D:11     | Reached ** piety under Yredelemnul
 15069 | D:12     | Found Gasoumy's Book Emporium.
 15117 | D:12     | Noticed a brown ugly thing
 15298 | D:12     | Killed a brown ugly thing
 15319 | D:12     | Mangled by a very large slime creature

Vault maps used:
D:1:      dpeg_arrival_rooms_a
D:2:      kennysheep_generic_room_5
D:3:      lemuel_coloured_pillars_altar, lemuel_doored_altar,
          uniq_crazy_yiuf_cottage
D:4:      lemuel_round_altar, portal_sewer_entry_a, patterned_corridor,
          uniq_pikel, uniq_natasha, uniq_blork_the_orc
D:5:      lemuel_crystal_altar, tso_metal_star, first_ration,
          nicolae_zen_rock_garden, uniq_grinder
D:6:      hangedman_decor_slide_cut, uniq_sigmund
D:7:      vehumet_altar_wand_db, lemuel_temple_firewalk_b, the_bakery,
          grunt_dithmenos_smoke_and_mirrors
D:8:      grunt_gozag_statues, trog_ov_bears_minmay,
          hangedman_abyss_or_decor_stagger, uniq_grum
D:9:      kennysheep_mini, kiku_gazebo_garden_becter, serial_shops,
          shop_fountains, uniq_joseph
D:11:     david_lair_shrubbed, basic_altar
D:12:     kennysheep_orc_monster_closet_entryway, serial_shops,
          kennysheep_mini_moat, nicolae_shop_behind_doors, shop_scrolls,
          nicolae_shop_crystal, nicolae_shop_stone,
          fedhas_bush_and_centaur_altar, uniq_gastronok, uniq_nergalle
Temple:   minmay_temple_bridge_abc
Sewer:    sewer_co_purgy_island

Skill      XL: |  1  2  3  4  5  6  7  8  9 10 11 |
---------------+----------------------------------+-----
Throwing       | 2 |  2.1
Stealth        | 1 2 3 4 6 8 10 | 10.0
Maces & Flails | 4 5 7 8 10 11 | 11.6
Dodging        | 3 4 |  4.0
Armour         | 1 3 4 5 7 |  7.0
Shields        | 2 4 |  4.0
Evocations     | 4 6 |  6.3
Invocations    | 1 4 |  4.9
Fighting       | |  2.0

Action                   |  1- 3 |  4- 6 |  7- 9 | 10-12 || total
-------------------------+-------+-------+-------+-------++-------
Melee: Flail             |    94 |   171 |    71 |       ||   336
       Peck              |       |    10 |    76 |    75 ||   161
       Whip              |       |       |   388 |   866 ||  1254
 Abil: Spit Poison       |     5 |    11 |    14 |    20 ||    50
Evoke: Wand              |       |       |       |    17 ||    17
  Use: Scroll            |       |    13 |     7 |     6 ||    26
       Potion            |       |     4 |     3 |     2 ||     9
 Stab: Sleeping          |     1 |     3 |    14 |    11 ||    29
       Distracted        |       |       |     1 |       ||     1
       Paralysed         |       |       |       |    16 ||    16
  Eat: Chunk             |       |     5 |     6 |    10 ||    21
       Ration            |       |     1 |     3 |     3 ||     7
Armor: Leather armour    |    50 |    41 |       |       ||    91
       Ring mail         |       |    48 |   121 |   209 ||   378
       Skin              |       |       |    81 |       ||    81
Dodge: Dodged            |    79 |   112 |   139 |   382 ||   712
Block: Buckler           |       |       |     4 |   153 ||   157

Table legend:
 A = Spawn XP
 B = Non-spawn XP
 C = Spawn XP percentage of total XP
 D = Spawn monster count
 E = Non-spawn monster count
 F = Spawn count percentage of total count
 G = Total turns spent on level
                    A         B        C        D         E        F      G
               +---------+---------+-------+---------+---------+-------+---------
         Total |       0 |   17199 |   0.0 |       0 |     288 |   0.0 | 15319
               +---------+---------+-------+---------+---------+-------+---------
           D:1 |       0 |      44 |   0.0 |       0 |      27 |   0.0 |   997
           D:2 |       0 |      96 |   0.0 |       0 |      22 |   0.0 |   849
           D:3 |       0 |     132 |   0.0 |       0 |      20 |   0.0 |  1192
           D:4 |       0 |    1250 |   0.0 |       0 |      29 |   0.0 |  1599
           D:5 |       0 |     463 |   0.0 |       0 |      15 |   0.0 |   909
           D:6 |       0 |    1067 |   0.0 |       0 |      18 |   0.0 |  1303
           D:7 |       0 |    2193 |   0.0 |       0 |      31 |   0.0 |  1721
           D:8 |       0 |    2578 |   0.0 |       0 |      30 |   0.0 |  1429
           D:9 |       0 |    1905 |   0.0 |       0 |      23 |   0.0 |  1188
          D:10 |       0 |    2391 |   0.0 |       0 |      27 |   0.0 |  1275
          D:11 |       0 |    3403 |   0.0 |       0 |      27 |   0.0 |  1676
          D:12 |       0 |    1522 |   0.0 |       0 |      10 |   0.0 |   301
         Sewer |       0 |     155 |   0.0 |       0 |       9 |   0.0 |   659
               +---------+---------+-------+---------+---------+-------+---------
